 Dungeon Crawl Stone Soup version 0.21.1-1-g345015f (webtiles) character file.

525 xccam the Slasher (level 7, -6/52 HPs)
             Began as a Demonspawn Fighter on Mar 26, 2018.
             Was an Initiate of Ru.
             Mangled by an ogre
             ... wielding a +0 giant club
              (24 damage)
             ... on level 5 of the Dungeon.
             The game lasted 00:08:49 (4003 turns).

xccam the Slasher (Demonspawn Fighter)              Turns: 4003, Time: 00:08:49

Health: -6/52      AC:  7    Str: 18    XL:     7   Next: 2%
Magic:  0/7        EV:  7    Int:  9    God:    Ru [......]
Gold:   155        SH:  9    Dex: 13    Spells: 6/6 levels left

rFire    . . .     SeeInvis .   a - +0 long sword
rCold    . . .     Gourm    .   c - +0 shield
rNeg     . . .     Faith    .   b - +0 scale mail
rPois    .         Spirit   +   (no helmet)
rElec    .         Reflect  .   (no cloak)
rCorr    .         Harm     .   (no gloves)
MR       .....                  j - +0 pair of boots
Stlth    ..........             (no amulet)
HPRegen  0.17/turn              (no ring)
MPRegen  0.10/turn              (no ring)

@: no status effects
A: powered by death 1, magic shield
a: Renounce Religion


You were on level 5 of the Dungeon.
You worshipped Ru.
Ru was noncommittal.
You were near starving.

You visited 2 branches of the dungeon, and saw 6 of its levels.

You collected 155 gold pieces.

Inventory:

Hand Weapons
 a - a +0 long sword (weapon)
Armour
 b - a +0 scale mail (worn)
 c - a +0 shield (worn)
 j - a +0 pair of boots (worn)
 o - a +0 pair of gloves
Wands
 r - a wand of random effects (33)
Scrolls
 h - 4 scrolls of teleportation
 l - 2 scrolls of fog {unknown}
 m - 4 scrolls of remove curse
 p - 2 scrolls of enchant weapon {unknown}
 q - 2 scrolls of amnesia {unknown}
 s - a scroll of noise {unknown}
 t - a scroll of enchant armour {unknown}
 u - 2 scrolls of random uselessness {unknown}
 w - 3 scrolls of identify
 x - a scroll of magic mapping {unknown}
 y - a scroll of immolation {unknown}
 z - a scroll of fear {unknown}
Potions
 d - 2 potions of might
 e - a potion of haste {unknown}
 g - 2 potions of agility
 i - a potion of heal wounds {unknown}
 k - 3 potions of lignification {unknown}
 n - 2 potions of flight {unknown}
 v - a potion of curing {unknown}
Comestibles
 f - 7 rations


   Skills:
 - Level 3.0 Fighting
 + Level 7.0 Long Blades
 - Level 2.6 Armour
 - Level 2.6 Shields


You had 6 spell levels left.
You didn't know any spells.

Dungeon Overview and Level Annotations

Branches:
Dungeon (5/15)             Temple (1/1) D:4

Altars:
Cheibriados
Dithmenos
Elyvilon
Fedhas
Gozag
Hepliaklqana
Kikubaaqudgha
Makhleb
Nemelex Xobeh
Okawaru
Ru
Sif Muna
Trog
Uskayaw
Vehumet
Xom
Yredelemnul
Zin
The Shining One

Shops:
D:4 (


Innate Abilities, Weirdness & Mutations

You regenerate a little health from kills.
When hurt, damage is shared between your health and your magic reserves.


Message History

The ogre hits you with a giant club!!
You hit the ogre.
The ogre is lightly wounded.
The ogre barely misses you.
You riposte.
You slash the ogre!
The ogre is heavily wounded.
You slash the ogre!
The ogre is severely wounded.
The ogre hits you with a giant club!!
You are too injured to fight recklessly!
You are too injured to fight recklessly!
You are too injured to fight recklessly!
You hit the ogre but do no damage.
The ogre is severely wounded.
You hit the ogre but do no damage.
The ogre is severely wounded.
You block the ogre's attack.
Your shield and scale mail prevent you from hitting the ogre.
The ogre is severely wounded.
The ogre hits you with a giant club!!
You die...

#......## ....##
#.......# # #
##.......# #
#........# #
##..!....# ##
#......##############.
#..###................
##....>...........
#@################
#.O# #. ...## ##.
#%... ##.. ###.. ##...
##. ###.... #.
###..(... #.
##.....#.. ##....###..


You could see an ogre.

Vanquished Creatures
  The ghost of PeterLawrence the Skirmisher, an amateur MiFi (D:3)
  A centaur (D:5)
  Blork the orc (D:4)
  An orc wizard (D:4)
  An iguana (D:5)
  A worker ant (D:4)
  8 adders
  4 gnolls
  2 howler monkey skeletons (D:4)
  2 oozes (D:1)
  A worm (D:2)
  2 dart slugs
  3 leopard geckos
  6 orcs
  A ball python (D:3)
  A giant cockroach (D:3)
  2 goblins
  3 hobgoblins
  3 jackals (D:3)
  3 quokkas
  8 bats
  3 frilled lizards
  10 kobolds
  5 rats (D:1)
73 creatures vanquished.

Notes
Turn   | Place    | Note
-------+----------+-------------------------------------------
     0 | D:1      | xccam the Demonspawn Fighter began the quest for the Orb.
     0 | D:1      | Reached XP level 1. HP: 18/18 MP: 1/1
    37 | D:1      | Reached skill level 2 in Long Blades
    94 | D:1      | Gained mutation: When hurt, damage is shared between your health and your magic reserves. [demonic ancestry]
    94 | D:1      | Reached XP level 2. HP: 19/24 MP: 2/2
   141 | D:1      | Reached skill level 3 in Long Blades
   315 | D:1      | Reached XP level 3. HP: 26/29 MP: 3/3
   856 | D:2      | You fall through a shaft!
   934 | D:3      | Reached skill level 4 in Long Blades
   934 | D:3      | Reached XP level 4. HP: 31/35 MP: 4/4
  1018 | D:3      | Found a burning altar of Makhleb.
  1080 | D:3      | Noticed PeterLawrence's ghost (amateur MiFi)
  1130 | D:3      | Killed PeterLawrence's ghost
  1130 | D:3      | Reached skill level 5 in Long Blades
  1130 | D:3      | Reached XP level 5. HP: 29/41 MP: 3/5
  1658 | D:3      | Found a glowing silver altar of Zin.
  2162 | D:4      | Found a hazy altar of Hepliaklqana.
  2185 | D:4      | Gained mutation: You regenerate a little health from kills. [demonic ancestry]
  2185 | D:4      | Reached XP level 6. HP: 30/47 MP: 1/6
  2349 | D:4      | Reached skill level 6 in Long Blades
  2365 | D:4      | Found a staircase to the Ecumenical Temple.
  2371 | Temple   | Entered the Ecumenical Temple
  2584 | Temple   | Became a worshipper of Ru the Awakened
  2902 | D:4      | Found a shimmering altar of Xom.
  2982 | D:4      | Found Fugyokh's Antique Weapon Emporium.
  3231 | D:4      | Noticed Blork the orc
  3244 | D:4      | Killed Blork the orc
  3291 | D:5      | Entered Level 5 of the Dungeon
  3525 | D:5      | HP: 1/47 [centaur (2)]
  3527 | D:5      | Reached skill level 7 in Long Blades
  3527 | D:5      | Reached XP level 7. HP: 2/52 MP: 0/7
  4003 | D:5      | Mangled by an ogre

Skill      XL: |  1  2  3  4  5  6 |
---------------+-------------------+-----
Long Blades    | 2 3 4 5 7 |  7.0
Fighting       | |  3.0
Armour         | |  2.6
Shields        | |  2.6

Action                   |  1- 3 |  4- 6 |  7- 9 || total
-------------------------+-------+-------+-------++-------
Melee: Long sword        |   128 |   206 |     5 ||   339
  Use: Scroll            |     2 |     2 |       ||     4
       Potion            |       |     1 |       ||     1
  Eat: Chunk             |       |     5 |       ||     5
       Ration            |       |     1 |       ||     1
Armor: Scale mail        |    57 |    93 |       ||   150
Dodge: Dodged            |    35 |    60 |     1 ||    96
Block: Shield            |    55 |   107 |     1 ||   163
       Rpst.: Long sword |    11 |    19 |     1 ||    31
